 Dungeon Crawl Stone Soup version 0.31-a0-233-g139696dc86 (webtiles) character file.

Game seed: 2910200745351231413

41 qw the Shooter (level 3, 0/21 HPs)
             Began as a Gargoyle Hexslinger on July 8, 2023.
             Slain by an orc priest
             ... wielding a +0 club
              (2 damage)
             ... on level 2 of the Dungeon.
             The game lasted 00:00:25 (940 turns).

qw the Shooter (Gargoyle Hexslinger)                 Turns: 940, Time: 00:00:25

Health: 0/21       AC:  8    Str: 11    XL:     3   Next: 52%
Magic:  4/4        EV: 10    Int: 13    God:
Gold:   60         SH:  0    Dex: 14    Spells: 3/4 levels left

rFire   . . .        Y - +1 sling
rCold   . . .        (no shield)
rNeg    + . .        i - +0 ring mail
rPois   inf          (no helmet)
rElec   +            (no cloak)
rCorr   .            (no gloves)
SInv    .            (no boots)
Will    .....        (no amulet)
Stlth   +            (no ring)
HPRegen 0.23/turn    (no ring)
MPRegen 0.09/turn

%: no passive effects
@: no status effects
A: sickness immunity, AC +3, negative energy resistance 1, electricity
resistance, torment resistance 1, petrification resistance
a: no special abilities


You were on level 2 of the Dungeon.
You visited 1 branch of the dungeon, and saw 2 of its levels.

You collected 60 gold pieces.


Innate Abilities, Weirdness & Mutations

You are immune to sickness and miasma.
Your stone body is resilient. (AC +3)
You are immune to poison.
You resist negative energy. (rN+)
You are resistant to electric shocks. (rElec)
You are resistant to unholy torment.
You are immune to petrification.


   Skills:
 - Level 2.1 Fighting
 + Level 3.3 Ranged Weapons
 - Level 1.5 Dodging
 - Level 1.0 Spellcasting
 - Level 2.6 Hexes


You had 3 spell levels left.
You knew the following spells:

 Your Spells              Type           Power      Damage    Failure   Level
a - Slow                  Hex            28%        N/A       22%         1

Your spell library contained the following spells:

 Spells                   Type           Power      Damage    Failure   Level
 Inner Flame              Hex/Fire       4%         N/A       75%         3
 Portal Projectile        Hex/Tloc       8%         N/A       75%         3
 Cause Fear               Hex            3%         N/A       92%         4

Inventory:

Hand Weapons
 Y - a +1 sling (weapon)
Armour
 i - a +0 ring mail (worn)
Jewellery
 g - a ring of positive energy
 j - a ring of see invisible
Scrolls
 a - a scroll of enchant armour {unknown}
 c - a scroll of vulnerability {unknown}
 f - a scroll of identify {unknown}
Potions
 b - 2 potions of degeneration {unknown}
 d - a potion of enlightenment {unknown}
 e - a potion of haste {unknown}
 h - a potion of curing {unknown}

Dungeon Overview and Level Annotations

Branches:
Dungeon (2/15)

Altars:


Message History

The orc shouts! x2
The orc priest miscasts a cantrip.
932 ||| Stepping ~*~*~tactically~*~*~ (outnumbered).
The orc barely misses you.
You shoot a sling bullet. The orc shouts!
The sling bullet hits the orc.
The orc is moderately wounded.
The orc hits you but does no damage.
You shoot a sling bullet. The orc shouts!
The sling bullet hits the orc.
You kill the orc!
The orc priest hits you with a +0 dagger.
You shoot a sling bullet. The sling bullet hits the orc priest.
The orc priest is moderately wounded.
The orc priest invokes the aid of Beogh against you.
Pain shoots through your body! The orc priest misses you.
The orc priest hits you with a +0 dagger.
You shoot a sling bullet.
The sling bullet closely misses the orc priest.
The orc priest barely misses you. The orc priest closely misses you.
The orc priest barely misses you.
You shoot a sling bullet.
The sling bullet barely misses the orc priest.
The sling bullet hits the orc.
The orc is moderately wounded.
The orc priest barely misses you.
The orc priest calls down the wrath of Beogh upon you.
Beogh smites you!
Ouch! That really hurt!
You shoot a sling bullet. The sling bullet hits the orc priest.
The orc priest is heavily wounded.
The orc priest misses you. The orc priest closely misses you.
The orc priest hits you but does no damage.
You shoot a sling bullet.
The sling bullet hits the orc priest but does no damage.
The orc priest is heavily wounded.
The orc priest hits you with a +0 club.
You die...

#### #........# #.###...#
#####.#.##### #.# #....
#.......# #.###..##
#.......#############.#....#
#.........................###
#.......#############........
#.........#### #........
####.####....# #........ #.
####@# #........ ......oooo#
#........ #. .....#oo#
#........ ...~ #..# #........
... #... #........ .. #.#.
#........ . #. . #........ #.
## ......<..... ###..#######


You could see 2 orc priests and 4 orcs.

Vanquished Creatures
  A gnoll (D:1)
  A worm (D:2)
  A dart slug (D:1)
  An orc (D:2)
  3 endoplasms
  A giant cockroach (D:1)
  2 goblins
  4 hobgoblins
  2 quokkas (D:1)
  3 bats (D:1)
  2 frilled lizards (D:1)
  A kobold (D:1)
22 creatures vanquished.

Notes
Turn   | Place    | Note
-------+----------+-------------------------------------------
     0 | D:1      | qw the Gargoyle Hexslinger began the quest for the Orb.
     0 | D:1      | Reached XP level 1. HP: 12/12 MP: 2/2
     0 | D:1      | 0 ||| qw: Version: 0.3-a-46-gb1f654a
     0 | D:1      | 0 ||| qw: Game counter: 3398
     0 | D:1      | 0 ||| qw: Melee chars always use a shield: true
     0 | D:1      | 0 ||| qw: God list: Okawaru
     0 | D:1      | 0 ||| qw: Allow faded altars: false
     0 | D:1      | 0 ||| qw: Do Orc after clearing Dungeon:15 true
     0 | D:1      | 0 ||| qw: Do second Lair branch before Depths: true
     0 | D:1      | 0 ||| qw: Lair rune preference: random
     0 | D:1      | 0 ||| qw: Goals: Normal
     0 | D:1      | 0 ||| PLANNING D:1-11
   214 | D:1      | Reached XP level 2. HP: 14/16 MP: 3/3
   296 | D:1      | 296 ||| FLEEEEING.
   297 | D:1      | 297 ||| FLEEEEING.
   298 | D:1      | 298 ||| FLEEEEING.
   299 | D:1      | 299 ||| FLEEEEING.
   300 | D:1      | 300 ||| FLEEEEING.
   301 | D:1      | 301 ||| FLEEEEING.
   302 | D:1      | 302 ||| FLEEEEING.
   303 | D:1      | 303 ||| FLEEEEING.
   304 | D:1      | 304 ||| FLEEEEING.
   305 | D:1      | 305 ||| FLEEEEING.
   306 | D:1      | 306 ||| FLEEEEING.
   309 | D:1      | Reached skill level 3 in Ranged Weapons
   417 | D:1      | HP: 3/16 [gnoll/+0 flail (13)]
   419 | D:1      | Reached XP level 3. HP: 4/21 MP: 4/4
   617 | D:1      | 617 ||| UPGRADING to +0 ring mail.
   627 | D:1      | 627 ||| DROPPING +0 robe.
   628 | D:1      | 628 ||| READING scroll labelled XEHYAD HAESSEDD.
   629 | D:1      | 629 ||| READING scroll labelled DOUSUE BYFEVVO.
   630 | D:1      | 630 ||| DRINKING 2 smoky green potions.
   631 | D:1      | 631 ||| DROPPING scroll of poison.
   632 | D:1      | 632 ||| DROPPING potion of attraction.
   928 | D:2      | 928 ||| Stepping ~*~*~tactically~*~*~ (outnumbered).
   930 | D:2      | 930 ||| Stepping ~*~*~tactically~*~*~ (outnumbered).
   932 | D:2      | 932 ||| Stepping ~*~*~tactically~*~*~ (outnumbered).
   938 | D:2      | HP: 1/21 [orc priest/divine providence (13)]
   940 | D:2      | Slain by an orc priest

Levels and vault maps discovered:
D:1:      wander_arrival_lonely_grave, layout_loops_ring
D:2:      cheibrodos_pilgrimage, layout_basic, minmay_misc_feat_alley,
          roderic_lattice_a, minmay_randomly_rotated_circles

Skill      XL: |  1  2 |
---------------+-------+-----
Ranged Weapons | 3 |  3.3
Fighting       | 2 |  2.1
Dodging        | |  1.5
Spellcasting   | |  1.0
Hexes          | |  2.6

Action                     || total
---------------------------++-------
   Fire: Sling             ||    96
    Use: Scroll            ||     2
         Potion            ||     1
 Armour: Robe              ||    10
         Ring mail         ||     5
  Dodge: Dodged            ||    38

Table legend:
 A = Non-vault XP
 B = Vault XP
 C = Vault XP percentage of total XP
 D = Non-vault monster count
 E = Vault monster count
 F = Vault count percentage of total count
                 A         B        C        D         E       F
            +---------+---------+-------+---------+---------+-------
      Total |      56 |       3 |   5.1 |      21 |       1 |   4.5
            +---------+---------+-------+---------+---------+-------
        D:1 |      42 |       0 |   0.0 |      16 |       0 |   0.0
        D:2 |      14 |       3 |  17.6 |       5 |       1 |  16.7
            +---------+---------+-------+---------+---------+-------
